 Dungeon Crawl Stone Soup version 0.27-a0-170-g607d9e9d85 (webtiles) character file.

Game seed: 1196672219661060814

2331 zxkuqyb the Skirmisher (level 9, -23/58 HPs)
             Began as a Gargoyle Berserker on Jan 28, 2021.
             Was an Elder of Trog.
             Annihilated by a boulder beetle (46 damage)
             ... on level 7 of the Dungeon.
             The game lasted 00:28:34 (7486 turns).

zxkuqyb the Skirmisher (Gargoyle Berserker)         Turns: 7486, Time: 00:28:34

Health: -23/58     AC: 18    Str: 23    XL:     9   Next: 42%
Magic:  9/9        EV:  9    Int:  9    God:    Trog [****..]
Gold:   339        SH: 14    Dex:  9    Spells: 8/8 levels left

rFire    . . .     SeeInvis .   g - +0 war axe
rCold    . . .     Faith    .   r - +0 kite shield
rNeg     + . .     Spirit   .   m - +0 scale mail
rPois    ∞         Reflect  +   (no helmet)
rElec    +         Harm     .   q - +0 cloak
rCorr    .         Rampage  .   A - +2 pair of gloves
Will     .....                  (no boots)
Stlth    ..........             s - amulet of reflection
HPRegen  0.19/turn              (no ring)
MPRegen  0.11/turn              (no ring)

@: berserk cooldown, slowed, very slow
A: negative energy resistance 1, electricity resistance, unbreathing,
petrification resistance, miasma immunity, AC +6
a: Renounce Religion, Berserk, Trog's Hand, Brothers in Arms


You were on level 7 of the Dungeon.
You worshipped Trog.
Trog was greatly pleased with you.
You visited 2 branches of the dungeon, and saw 8 of its levels.
You also visited: Sewer.

You collected 339 gold pieces.

Inventory:

Hand Weapons
 a - a +0 hand axe
 g - a +0 war axe (weapon)
Missiles
 C - 5 javelins (quivered)
Armour
 b - a +0 animal skin
 m - a +0 scale mail (worn)
 q - a +0 cloak (worn)
 r - a +0 kite shield (worn)
 A - a +2 pair of gloves (worn)
 G - a +0 plate armour
Jewellery
 h - a cursed ring of attention {unknown}
 s - an amulet of reflection (around neck)
Wands
 z - a wand of enslavement (14)
Scrolls
 e - 2 scrolls of enchant weapon {unknown}
 i - a scroll of noise {unknown}
 j - 2 scrolls of enchant armour {unknown}
 k - 3 scrolls of magic mapping {unknown}
 n - 4 scrolls of remove curse
 o - a scroll of immolation {unknown}
 p - a scroll of blinking {unknown}
 t - 2 scrolls of random uselessness {unknown}
 v - 3 scrolls of teleportation {unknown}
 x - 3 scrolls of fear {unknown}
 y - a scroll of fog {unknown}
 F - a scroll of summoning {unknown}
 H - a scroll of torment {unknown}
Potions
 c - 5 potions of might {unknown}
 d - 5 potions of resistance {unknown}
 f - a potion of magic
 u - 5 potions of curing
 w - a potion of brilliance
 B - a potion of mutation
 E - a potion of degeneration
 I - 2 potions of flight {unknown}


   Skills:
 * Level 7.7 Fighting
 * Level 6.2 Axes
 * Level 7.1 Armour
 + Level 3.9 Dodging
 + Level 4.0 Shields


You had 8 spell levels left.
You didn't know any spells.
Your spell library was empty.

Dungeon Overview and Level Annotations

Branches:
Dungeon (7/15)             Temple (1/1) D:5           Sewer (visited)

Altars:
Ashenzari
Cheibriados
Dithmenos
Elyvilon
Fedhas
Gozag
Hepliaklqana
Kikubaaqudgha
Makhleb
Nemelex Xobeh
Okawaru
Qazlal
Ru
Sif Muna
Trog
Uskayaw
Vehumet
Wu Jian
Xom
Yredelemnul
Zin
The Shining One

Shops:
D:6 }


Innate Abilities, Weirdness & Mutations

You are resistant to torment.
Your stone body is resilient. (AC +6)
You are immune to poison.
You resist negative energy. (rN+)
You are resistant to electric shocks. (rElec)
You can survive without breathing.
You are immune to petrification.
You are immune to miasma.


Message History

The wyvern zombie bites you but does no damage.
The jackal bites you but does no damage. x2
The jackal bites you. You block the wyvern zombie's attack.
You block the jackal's attack.
The boulder beetle curls into a ball and begins rolling!
You hit the jackal.
The jackal is severely wounded.
You slash the wyvern zombie! You completely miss the jackal.
You hit the jackal but do no damage. You block the jackal's attack. x2
The wyvern zombie closely misses you.
The jackal bites you but does no damage.
The jackal barely misses you.
The jackal stops to sniff the ground.
The jackal bites you but does no damage.
The wyvern zombie bites you but does no damage.
The jackal bites you but does no damage.
You block the jackal's attack. The jackal misses you.
The boulder beetle hits you!!!
Ouch! That really hurt!
You die...

##### ##...## ###.....##
.........# .
.........#################..
.........#..................
..#.....##...............#..
.........#.................#
...............Z@h..<......#
...............Bhh.........#
(.#..)..#.....○............#
..#.....#....○)))..##.#.#..#
. ##....##....†).†.# .#.# ./
#....>#.###)####...# # .
#.....................
#.....#......###..##!.
#......#..##..# ..# .


You could see a boulder beetle, a wyvern zombie and 3 jackals.

Vanquished Creatures
  Maggie (D:7)
  Sigmund (D:6)
  A water moccasin (D:7)
  An ice beast (D:5)
  An orc warrior (D:6)
  2 ogres (D:6)
  3 centaurs
  A big kobold (Sewer)
  2 scorpions (D:5)
  7 electric eels (D:6)
  A bullfrog zombie (D:7)
  A quasit (D:5)
  A jelly (D:5)
  An orc priest (D:6)
  3 hounds
  Crazy Yiuf (D:2)
  2 worker ants
  3 iguanas
  Natasha (twice) (D:2)
  4 orc wizards
  A hound zombie (D:6)
  A hound skeleton (D:5)
  4 gnolls (D:5)
  3 adders
  A river rat (D:6)
  3 white imps
  An ufetubus (D:7)
  An ooze (D:1)
  2 adder skeletons
  4 dart slugs
  16 orcs
  2 ball pythons
  5 giant cockroaches
  8 goblins
  7 hobgoblins
  8 jackals
  6 quokkas
  5 bats
  3 frilled lizards
  10 kobolds
  A leopard gecko skeleton (D:7)
  A quokka skeleton (D:5)
  12 rats
144 creatures vanquished.

Vanquished Creatures (others)
  A jackal (D:6)
  30 plants (D:6)
31 creatures vanquished.

Grand Total: 175 creatures vanquished

Notes
Turn   | Place    | Note
-------+----------+-------------------------------------------
     0 | D:1      | zxkuqyb the Gargoyle Berserker began the quest for the Orb.
     0 | D:1      | Reached XP level 1. HP: 14/14 MP: 1/1
   355 | D:1      | Reached XP level 2. HP: 11/19 MP: 2/2
   840 | D:1      | Reached XP level 3. HP: 23/23 MP: 3/3
  1360 | D:1      | Found a basalt altar of Yredelemnul.
  1932 | D:2      | Noticed Natasha
  1942 | D:2      | Killed Natasha
  1942 | D:2      | Reached ** piety under Trog
  1943 | D:2      | Reached XP level 4. HP: 21/29 MP: 4/4
  2315 | D:2      | Found a runed translucent door.
  2316 | D:2      | Noticed Crazy Yiuf
  2464 | D:2      | Noticed Natasha
  2482 | D:2      | Killed Natasha
  2900 | D:2      | Killed Crazy Yiuf
  2901 | D:2      | Reached XP level 5. HP: 34/34 MP: 5/5
  3797 | D:5      | Entered Level 5 of the Dungeon
  3850 | D:5      | Noticed a centaur
  3932 | D:5      | Killed a centaur
  3933 | D:5      | Reached skill level 1 in Shields
  3933 | D:5      | Reached XP level 6. HP: 33/40 MP: 6/6
  3976 | D:5      | Reached skill level 5 in Fighting
  4014 | D:5      | Found a glowing golden altar of the Shining One.
  4106 | D:5      | Reached XP level 7. HP: 37/44 MP: 7/7
  4503 | D:5      | Found a staircase to the Ecumenical Temple.
  4509 | Temple   | Entered the Ecumenical Temple
  4706 | D:5      | Reached skill level 5 in Armour
  4876 | D:6      | Found a glowing drain.
  4885 | D:6      | Reached XP level 8. HP: 50/51 MP: 8/8
  4906 | Sewer    | Entered a sewer
  4909 | Sewer    | Reached *** piety under Trog
  4982 | Sewer    | Reached skill level 5 in Axes
  4999 | Sewer    | Found a white marble altar of Elyvilon.
  6063 | D:6      | Noticed Sigmund
  6071 | D:6      | Killed Sigmund
  6541 | D:6      | Reached XP level 9. HP: 32/57 MP: 9/9
  7127 | D:6      | Found Joimic's Gadget Shoppe.
  7434 | D:7      | Reached **** piety under Trog
  7435 | D:7      | Noticed a boulder beetle
  7438 | D:7      | Noticed Maggie
  7469 | D:7      | Killed Maggie
  7486 | D:7      | Annihilated by a boulder beetle

Illustrated notes

Levels and vault maps discovered:
D:1:      sevenhm_arrival_forest_fort_small_6, layout_basic, roderic_lattice_a,
          grunt_decor_one_mirror
D:2:      layout_basic, serial_glass, glass_columns_a, glass_columns_a,
          uniq_natasha, uniq_crazy_yiuf_cottage
D:3:      layout_basic
D:4:      layout_rooms
D:5:      layout_loops_ring, nicolae_tso_carved_into_rock,
          minmay_temple_entry_enclosed_plants, minivault_1
D:6:      layout_basic, portal_sewer_entry_a, serial_shops, shop, serial_bayou,
          serial_bayou_ford_a, serial_bayou_pond_a, serial_bayou_lake_a,
          serial_bayou_pond_a, uniq_sigmund
D:7:      layout_rooms, gammafunk_ghost_icy, uniq_maggie
Temple:   dpeg_three_leaves_temple

Skill      XL: |  1  2  3  4  5  6  7  8  9 |
---------------+----------------------------+-----
Axes           | 3 4 5 6 |  6.2
Fighting       | 4 5 7 |  7.7
Armour         | 3 4 5 6 7 |  7.1
Dodging        | 2 3 |  3.9
Shields        | 1 2 3 4 |  4.0

Action                   |  1- 3 |  4- 6 |  7- 9 || total
-------------------------+-------+-------+-------++-------
Melee: Hand axe          |   108 |    74 |       ||   182
       War axe           |       |    53 |   321 ||   374
Throw: Stone             |     4 |       |       ||     4
       Javelin           |       |       |     2 ||     2
Invok: Berserk           |     2 |     2 |     5 ||     9
  Use: Scroll            |       |       |     7 ||     7
       Potion            |       |       |     2 ||     2
 Stab: Sleeping          |     2 |       |       ||     2
Armor: Animal skin       |    49 |    36 |       ||    85
       Scale mail        |       |    22 |   181 ||   203
Dodge: Dodged            |    69 |    51 |   116 ||   236
Block: Kite shield       |       |    70 |   273 ||   343
       Reflection        |       |     5 |     3 ||     8

Table legend: (Time is in decaauts)
 A = Elapsed time spent in this place.
 B = Non-inter-level travel time spent in this place.
 C = Inter-level travel time spent in this place.
 D = Time resting spent in this place.
 E = Time spent auto-exploring this place.
 F = Levels seen in this place.
 G = Mean time per level.
                   A        B        C        D        E       F      G
               +--------+--------+--------+--------+--------+-----+--------+
         Total |   7838 |   7706 |    132 |   2590 |   3444 |   9 |  870.9 |
       Dungeon |   7578 |   7460 |    118 |   2590 |   3268 |   7 | 1082.6 |
        Temple |     80 |     66 |     14 |      0 |     65 |   1 |   80.0 |
         Sewer |    179 |    179 |      0 |      0 |    111 |   1 |  179.0 |
               +--------+--------+--------+--------+--------+-----+--------+

Top non-repeatable levels by time:
     D:6: 2415 daAuts
     D:1: 1901 daAuts
     D:2: 1149 daAuts
     D:5: 1006 daAuts
     D:3: 479 daAuts
     D:4: 417 daAuts
     D:7: 209 daAuts
   Sewer: 179 daAuts
  Temple: 80 daAuts
